Map: Catalyst LE

Players

Infamous - Winner!

  • Race: Protoss Protoss
  • League: Silver
  • Spawn Location: 11:00

SkPROPER

  • Race: Protoss Protoss
  • League: Silver
  • Spawn Location: 5:00

VOD

Have the link to the VOD?

Description

Time

  • Played on: March 18, 2018, 6:49 p.m.
  • Length: 24:02
Show
View Real Time Build Order
Export as new Build Order

Infamous Protoss - Winner!

Build Orders:  

Get SALT Encoding   

  12  0:01  Probe  
  13  0:13  Probe  
  14  0:20  Pylon  
  14  0:25  Probe  
  15  0:38  Probe  
  15  0:40  Gateway  
  16  0:50  Probe  
  17  1:03  Probe  
  18  1:15  Probe  
  19  1:23  Pylon  
  19  1:29  Cybernetics Core  
  19  1:38  Probe  
  20  1:40  Zealot  
  20  1:44  Assimilator  
  22  1:52  Probe  
  23  2:10  Nexus  
  23  2:11  Probe  
  23  2:13  Pylon  
  23  2:25  Pylon  
  23  2:34  Assimilator  
  23  2:48  Warp Gate (Chrono Boost)  
  23  2:54  Gateway  
  23  2:55  Probe  
  23  2:56  Gateway  
  24  3:04  Gateway  
  24  3:05  Pylon  
  24  3:07  Gateway  
  24  3:14  Probe  
  25  3:27  Robotics Facility  
  25  3:39  Probe  
  26  3:45  Zealot (Chrono Boost)  
  28  3:53  Zealot (Chrono Boost)  
  28  3:54  Shield Battery  
  28  3:59  Probe  
  28  4:00  Probe  
  22  4:17  Immortal  
  26  4:52  Stalker  
  27  4:57  Zealot  
  27  4:58  Forge  
  29  5:09  Stalker  
  31  5:15  Probe  
  32  5:26  Protoss Ground Weapons Level 1 (Chrono Boost)  
  32  5:35  Shield Battery  
  32  5:48  Observer (Chrono Boost)  
  33  6:03  Probe x2  
  35  6:11  Photon Cannon  
  35  6:20  Photon Cannon  
  35  6:31  Twilight Council  
  35  6:32  Stalker  
  37  6:41  Probe x2  
  38  7:07  Stalker x2  
  38  7:08  Stalker  
  44  7:12  Sentry  
  44  7:13  Sentry  
  48  7:17  Protoss Ground Armor Level 1 (Chrono Boost)  
  48  7:26  Probe  
  49  7:34  Probe  
  50  7:38  Probe  
  51  7:46  Probe  
  51  7:47  Stalker x2  
  46  8:37  Stalker x3  
  46  8:38  Immortal (Chrono Boost), Stalker x2  
  56  8:47  Probe x2  
  62  8:50  Charge (Chrono Boost)  
  62  8:59  Probe x2  
  64  9:06  Protoss Ground Armor Level 2 (Chrono Boost)  
  64  9:21  Stalker  
  64  9:23  Zealot x2  
  70  9:33  Assimilator  
  70  9:35  Assimilator  
  70  9:51  Pylon  
  70  9:57  Pylon  
  70  10:03  Pylon, Probe x2  
  50  10:42  Stalker x4  
  48  10:43  Stalker  
  52  10:50  Blink  
  52  10:57  Probe x2  
  54  11:21  Pylon  
  54  11:24  Pylon  
  54  11:26  Sentry x3  
  54  11:29  Pylon  
  60  11:33  Stalker x2  
  64  11:57  Sentry, Stargate  
  64  11:59  Zealot  
  68  12:01  Zealot  
  68  12:02  Zealot x2  
  68  12:06  Immortal (Chrono Boost)  
  78  12:48  Protoss Ground Armor Level 3 (Chrono Boost)  
  78  12:55  Void Ray (Chrono Boost)  
  82  13:09  Stalker x2  
  82  13:10  Stalker x2  
  90  13:19  Immortal  
  90  13:23  Probe  
  95  13:31  Void Ray  
  99  13:35  Probe  
  100  13:50  Immortal  
  100  13:51  Protoss Air Weapons Level 1 (Chrono Boost)  
  98  14:14  Void Ray  
  74  14:29  Stalker x3  
  74  14:30  Stalker x2  
  72  14:54  Gateway  
  72  14:56  Templar Archives, Gateway  
  72  14:57  Probe x2  
  74  15:04  Sentry  
  74  15:05  Sentry x2  
  74  15:07  Zealot x2  
  82  15:09  Probe  
  71  15:35  Stalker  
  71  15:36  Stalker x4  
  75  16:00  Stalker x2  
  73  16:11  Stalker  
  75  16:12  Stalker  
  75  16:21  Stalker  
  71  16:35  Stalker  
  71  16:36  Stalker  
  71  16:37  Stalker  
  76  16:46  Stalker  
  76  16:57  Void Ray  
  76  17:01  Pylon  
  76  17:05  Pylon  
  76  17:13  Stalker x2  
  80  17:30  Photon Cannon  
  80  17:32  Photon Cannon  
  80  17:44  Sentry x2  
  80  17:45  Sentry x3  
  90  17:58  Observer  
  91  18:11  Shield Battery  
  91  18:23  Stalker  
  91  18:24  Stalker x2  
  70  19:21  Stalker x3  
  70  19:22  Stalker x2  
  54  19:51  Stalker x2  
  54  20:25  Gateway  
  54  20:26  Gateway  
  54  20:31  Sentry  
  54  20:32  Sentry x2  
  60  20:51  Stalker  
  60  20:53  Sentry  
  60  20:54  Sentry  
  66  21:37  Stalker  
  66  21:38  Stalker x2  
  62  22:36  Stalker x2  
  50  22:56  Stalker  
  50  23:13  Nexus  
Show
View Real Time Build Order
Export as new Build Order

SkPROPER Protoss 

Build Orders:  

Get SALT Encoding   

  12  0:02  Probe (Chrono Boost)  
  13  0:14  Probe (Chrono Boost)  
  14  0:22  Probe (Chrono Boost)  
  15  0:29  Pylon  
  15  0:35  Assimilator  
  15  0:53  Gateway  
  15  0:58  Probe  
  16  1:04  Pylon  
  16  1:11  Probe (Chrono Boost)  
  17  1:14  Assimilator  
  17  1:23  Probe (Chrono Boost)  
  18  1:28  Probe (Chrono Boost)  
  19  1:37  Probe  
  20  1:48  Cybernetics Core, Zealot  
  20  1:51  Probe  
  23  2:04  Probe  
  24  2:16  Probe  
  24  2:17  Forge  
  24  2:22  Zealot (Chrono Boost)  
  25  2:24  Warp Gate (Chrono Boost)  
  27  2:33  Probe  
  28  2:40  Stalker  
  30  2:45  Probe  
  31  3:12  Nexus  
  31  3:18  Pylon  
  28  4:21  Stargate  
  28  4:30  Pylon  
  28  4:31  Probe (Chrono Boost), Gateway  
  27  4:43  Probe (Chrono Boost)  
  28  4:49  Photon Cannon  
  28  4:52  Probe (Chrono Boost)  
  29  4:57  Probe  
  30  5:09  Probe  
  31  5:30  Void Ray  
  31  5:34  Probe  
  36  5:45  Stargate  
  36  5:46  Probe  
  37  5:51  Gateway  
  37  5:52  Probe (Chrono Boost), Fleet Beacon  
  38  6:00  Assimilator  
  38  6:01  Assimilator  
  38  6:02  Stalker  
  38  6:03  Stalker  
  43  6:04  Probe (Chrono Boost)  
  43  6:10  Twilight Council  
  45  6:12  Probe (Chrono Boost)  
  45  6:13  Probe (Chrono Boost)  
  45  6:20  Probe (Chrono Boost)  
  46  6:29  Photon Cannon  
  46  6:30  Shield Battery  
  46  6:32  Probe (Chrono Boost)  
  47  6:37  Carrier  
  47  6:44  Probe (Chrono Boost)  
  47  6:47  Carrier  
  48  6:53  Probe x2 (Chrono Boost)  
  62  7:06  Pylon  
  62  7:08  Pylon  
  62  7:13  Pylon x2  
  62  7:24  Probe x2  
  62  7:29  Stalker  
  66  7:36  Probe  
  67  7:38  Stalker  
  67  7:43  Blink  
  69  7:49  Probe  
  70  8:00  Carrier (Chrono Boost)  
  70  8:01  Probe  
  77  8:09  Carrier (Chrono Boost)  
  73  8:13  Probe  
  70  8:50  Pylon  
  70  8:52  Pylon  
  70  9:01  Stalker  
  72  9:06  Graviton Catapult (Chrono Boost)  
  72  9:16  Carrier (Chrono Boost)  
  72  9:19  Stalker x2  
  82  9:25  Carrier (Chrono Boost)  
  88  9:34  Pylon  
  88  9:41  Stalker  
  88  9:42  Stalker x2  
  94  9:55  Robotics Facility  
  79  10:31  Carrier (Chrono Boost)  
  77  10:57  Stalker x3  
  77  11:00  Tempest (Chrono Boost)  
  89  11:09  Anion Pulse-Crystals  
  89  11:21  Observer  
  89  11:22  Pylon  
  90  11:33  Gateway  
  90  11:35  Gateway  
  90  11:36  Tempest (Chrono Boost)  
  90  11:37  Gateway  
  96  11:41  Warp Prism  
  96  11:43  Photon Cannon  
  96  11:44  Photon Cannon  
  98  11:47  Stalker  
  98  11:48  Stalker  
  102  12:03  Carrier (Chrono Boost)  
  108  12:33  Probe  
  109  12:47  Pylon x2  
  109  12:48  Pylon  
  109  12:59  Mothership (Chrono Boost)  
  109  13:02  Carrier (Chrono Boost)  
  122  13:23  Stalker x3  
  128  13:31  Stalker x3  
  134  13:42  Pylon  
  134  13:45  Pylon  
  134  14:00  Carrier (Chrono Boost)  
  93  14:53  Carrier  
  99  15:19  Carrier  
  105  15:31  Zealot x3  
  105  15:32  Zealot x3  
  85  17:21  Carrier x2 (Chrono Boost)  
  96  18:37  Carrier x2 (Chrono Boost)  
  108  18:42  Warp Prism  
  84  19:18  Warp Prism  
  80  19:55  Carrier  
  80  19:57  Zealot x3  
  80  19:58  Zealot x3  
  86  20:24  Mothership  
  94  22:09  Nexus  
Tags
 
Matchup
PvP
Replay Pack
Last Remnant (2)
Spawn Locations
Cross Positions
Add a new tag
Caveats
  • Supply blocks, unpowered buildings, or Contaminate may cause inaccurate times.
  • Supply counts are checked every 10 seconds.